 Dungeon Crawl Stone Soup version 0.27-b1-16-g6517624069 (webtiles) character file.

Game seed: 6582821520055513715

75 oldmanjim the Vexing (level 4, -1/35 HPs)
             Began as a Palentonga Enchanter on July 27, 2021.
             Was a Follower of Jiyva.
             Killed from afar by Sigmund (5 damage)
             ... with a puff of flame
             ... on level 3 of the Dungeon.
             The game lasted 00:18:40 (2678 turns).

oldmanjim the Vexing (Palentonga Enchanter)         Turns: 2678, Time: 00:18:40

Health: -1/35      AC:  5    Str: 12    XL:     4   Next: 11%
Magic:  7/7        EV: 10    Int: 14    God:    Jiyva [*.....]
Gold:   62         SH:  0    Dex: 12    Spells: 5/8 levels left

rFire    . . .     SeeInvis +   j - +1 dagger (venom)
rCold    . . .     Faith    .   (no shield)
rNeg     . . .     Spirit   .   b - +0 robe
rPois    .         Reflect  .   (no helmet)
rElec    .         Harm     .   h - +0 cloak
rCorr    .         Rampage  .   (no gloves)
Will     .....                  (no barding)
Stlth    ++........             (no amulet)
HPRegen  0.11/turn              (no ring)
MPRegen  0.10/turn              (no ring)

@: no status effects
A: large, rugged brown scales 3, see invisible, deformed body, roll 1, armoured
tail
a: Rolling Charge, Renounce Religion, Request Jelly


You were on level 3 of the Dungeon.
You worshipped Jiyva.
Jiyva was aware of your devotion.
You visited 1 branch of the dungeon, and saw 3 of its levels.

You collected 62 gold pieces.

Inventory:

Hand Weapons
 g - a +1 short sword of freezing
 j - a +1 dagger of venom (weapon)
Missiles
 a - 40 sling bullets
 d - 168 stones
 e - 20 bolts
 i - 19 arrows
Armour
 b - a +0 robe (worn)
 h - a +0 cloak (worn)
Scrolls
 c - a scroll of teleportation {unknown}
 f - a scroll of fear {unknown}
 k - 2 scrolls of identify {unknown}


   Skills:
 + Level 1.6 Fighting
 + Level 2.1 Short Blades
 - Level 1.5 Dodging
 - Level 2.0 Stealth
 + Level 2.6 Spellcasting
 + Level 3.6 Hexes
 + Level 0.1 Ice Magic


You had 5 spell levels left.
You knew the following spells:

 Your Spells              Type           Power      Damage    Failure   Level
a - Corona                Hex            12%        N/A       4%          1
b - Ensorcelled Hibernat  Hex/Ice        14%        N/A       16%         2

Your spell library contained the following spells:

 Spells                   Type           Power      Damage    Failure   Level
 Confusing Touch          Hex            11%        N/A       16%         3
 Tukima's Dance           Hex            11%        N/A       16%         3
 Magic Dart               Conj           4%         1d3       22%         1
 Dazzling Flash           Conj/Hex       12%        N/A       32%         3
 Searing Ray              Conj           2%         3d3       34%         2
 Gell's Gravitas          Tloc           0%         N/A       56%         3
 Lesser Beckoning         Tloc           0%         N/A       56%         3
 Teleport Other           Tloc           1%         N/A       56%         3
 Fulminant Prism          Conj/Hex       3%         3d6       71%         4


Dungeon Overview and Level Annotations

Branches:
Dungeon (3/15)

Altars:
Beogh
Jiyva

Shops:
D:1 !   D:3 *

Annotations:
D:3 Sigmund


Innate Abilities, Weirdness & Mutations

You are completely covered in rugged brown scales. (AC +3, +7% HP)
You have supernaturally acute eyesight. (SInv)
Armour fits poorly on your strangely shaped body.
You can roll at nearby foes to attack.
You have a long armoured tail.


Message History

You kill the hobgoblin!
You hit the orc.
The orc is poisoned.
The orc is heavily wounded.
The orc hits you with a +0 mace.
You hit the orc.
The orc is severely wounded.
The orc hits you with a +0 mace.
You kill the orc!
Found a stone staircase leading down.
You hit Sigmund.
Sigmund is poisoned.
Sigmund is lightly wounded.
Sigmund hits you with a +0 scythe!
You closely miss Sigmund.
Sigmund is lightly wounded.
Sigmund closely misses you.
You closely miss Sigmund.
Sigmund is moderately wounded.
Sigmund casts a spell at you. You resist with some effort.
You barely miss Sigmund.
Sigmund is moderately wounded.
Sigmund hits you with a +0 scythe! Sigmund barely misses you.
Sigmund gestures at you while chanting. The magic dart hits you.
* * * LOW HITPOINT WARNING * * *
Roll where?
Press: ? - help, Q - select action, (/) - cycle Dir - move target, f - Sigmund
Aim: Sigmund, wielding a +0 scythe and wearing a +0 robe (moderately wounded, poisoned)
You roll forward with a clatter of scales!
You hit Sigmund but do no damage.
Sigmund looks even sicker.
Your tail-slap misses Sigmund.
Sigmund is moderately wounded.
Sigmund gestures at you while chanting. The magic dart hits you!
* * * LOW HITPOINT WARNING * * *
You are too injured to fight recklessly!
Sigmund casts a spell at you. The puff of flame hits you.
You die...

....#...#...#...#
#...#.#.#...#.#
#.@o#.#.#@..#.#
#.....#...#...#...#
....# #.#.)o#.#.#.#
.∩. ###########.# #
#.#).#
#.########.#.##
#..>○@.@......#
############..#
#..# #..# #..# #..#
#..# #..# #..##


You could see Sigmund (very poisoned).

Vanquished Creatures
  An adder (D:2)
  6 dart slugs (D:1)
  2 orcs (D:3)
  2 ball pythons
  2 endoplasms (D:1)
  4 giant cockroaches
  3 goblins
  2 hobgoblins
  5 jackals
  4 quokkas (D:1)
  5 bats
  3 frilled lizards
  5 kobolds (D:1)
  5 rats (D:1)
49 creatures vanquished.

Vanquished Creatures (others)
  A dart slug (D:3)
  2 endoplasms (D:3)
  A giant cockroach (D:2)
  2 goblins (D:2)
  A ball python (D:2)
  3 bats
  A frilled lizard (D:2)
  3 kobolds (D:2)
  A rat (D:3)
15 creatures vanquished.

Grand Total: 64 creatures vanquished

Notes
Turn   | Place    | Note
-------+----------+-------------------------------------------
     0 | D:1      | oldmanjim the Palentonga Enchanter began the quest for the
                  | Orb.
     0 | D:1      | Reached XP level 1. HP: 13/13 MP: 3/3
   518 | D:1      | Reached XP level 2. HP: 21/21 MP: 5/5
   730 | D:1      | Reached skill level 1 in Fighting
   959 | D:1      | Found Faiven's Distillery.
   964 | D:1      | Reached XP level 3. HP: 27/27 MP: 4/6
  1382 | D:1      | Found a faded altar of an unknown god.
  1386 | D:1      | Became a worshipper of Jiyva Jupsavut the Shapeless
  1386 | D:1      | Reached * piety under Jiyva
  1738 | D:2      | Reached XP level 4. HP: 27/34 MP: 7/7
  1884 | D:2      | Learned a level 2 spell: Ensorcelled Hibernation
  2640 | D:3      | Found Fosaep's General Store.
  2640 | D:3      | Noticed Sigmund
  2678 | D:3      | Killed from afar by Sigmund

Illustrated notes

Levels and vault maps discovered:
D:1:      dpeg_arrival_stone_temple_mockup, layout_loops_ring, serial_shops,
          nicolae_shop_competitors_out_of_business,
          hellmonk_ecumenical_altar_defaced_shrine
D:2:      minmay_diamond_boxcup, layout_basic, minmay_vboxes
D:3:      minmay_evil_eye, layout_loops_ring, serial_shops, shop_fountains,
          shop, shop, minmay_misc_feat_alley, uniq_crazy_yiuf_cottage,
          uniq_sigmund

Skill      XL: |  1  2  3 |
---------------+----------+-----
Fighting       | 1 |  1.6
Short Blades   | 2 |  2.1
Dodging        | |  1.5
Stealth        | |  2.0
Spellcasting   | |  2.6
Hexes          | |  3.6
Ice Magic      | |  0.1

Action                   |  1- 3 |  4- 6 || total
-------------------------+-------+-------++-------
Melee: Dagger            |    62 |    12 ||    74
       Short sword       |    50 |       ||    50
       Tailslap          |    10 |     1 ||    11
 Cast: Corona            |     2 |       ||     2
 Abil: Rolling Charge    |     7 |     3 ||    10
 Stab: Sleeping          |     2 |       ||     2
Armor: Robe              |    40 |     3 ||    43
Dodge: Dodged            |    34 |     2 ||    36
